 Dungeon Crawl Stone Soup version 0.25-a0-571-gb5e01bddfa (webtiles) character file.

Game seed: 17002630134885439555, levelgen mode: deterministic

87 Eurus the Shooter (level 4, 29/37 HPs)
             Began as a Centaur Hunter on Feb 29, 2020.
             Quit the game on level 2 of the Dungeon.
             The game lasted 00:05:39 (1349 turns).

Eurus the Shooter (Centaur Hunter)                  Turns: 1349, Time: 00:05:40

Health: 29/37      AC:  5    Str: 15    XL:     4   Next: 28%
Magic:  4/4        EV:  9    Int: 10    God:
Gold:   55         SH:  0    Dex: 10    Spells: 3/3 levels left

rFire    . . .     SeeInvis .   a - +1 shortbow
rCold    . . .     Gourm    .   (shield currently unavailable)
rNeg     . . .     Faith    .   c - +0 leather armour
rPois    .         Spirit   .   m - +0 helmet
rElec    .         Reflect  .   (no cloak)
rCorr    .         Harm     .   (no gloves)
MR       .....                  (no barding)
Stlth    +.........             (no amulet)
HPRegen  0.12/turn              (no ring)
MPRegen  0.09/turn              (no ring)

@: very quick
A: large, hooves 3, deformed body, speed 2, tough skin 3
a: no special abilities


You were on level 2 of the Dungeon.
You were not hungry.

You visited 1 branch of the dungeon, and saw 2 of its levels.

You collected 55 gold pieces.

Inventory:

Hand Weapons
 a - a +1 shortbow (weapon)
 b - a +0 short sword
 k - a +1 dagger of electrocution
Missiles
 d - 38 arrows (quivered)
Armour
 c - a +0 leather armour (worn)
 m - a +0 helmet (worn)
Jewellery
 e - an uncursed ring of fire {unknown}
Scrolls
 g - a scroll of blinking {unknown}
 h - a scroll of teleportation {unknown}
 i - a scroll of noise {unknown}
 l - a scroll of amnesia {unknown}
Potions
 j - a potion of haste {unknown}
Comestibles
 f - a ration


   Skills:
 + Level 2.8 Fighting
 * Level 6.6 Bows
 + Level 2.1 Dodging
 - Level 0.4 Stealth


You had 3 spell levels left.
You didn't know any spells.
Your spell library was empty.

Dungeon Overview and Level Annotations

Branches:
Dungeon (2/15)

Altars:

Annotations:
D:2 Robin


Innate Abilities, Weirdness & Mutations

You have hooves in place of feet.
Armour fits poorly on your strangely shaped body.
You cover ground very quickly.
You have extremely tough skin. (AC +3)


Message History

The goblin hits you but does no damage. x2
Robin roars a battlecry!
The goblins go into a battle-frenzy!
You hear a shout!
A giant cockroach comes into view.
A goblin comes into view.
Robin throws the goblin at you!
Really attack while wielding your +1 shortbow? [Y]es or [N]o only, please.
Really attack while wielding your +1 shortbow? [Y]es or [N]o only, please.
Really attack while wielding your +1 shortbow? [Y]es or [N]o only, please.
Really attack while wielding your +1 shortbow? [Y]es or [N]o only, please.
Really attack while wielding your +1 shortbow?
Okay, then.
Unknown command.
Unknown command.
Are you sure you want to abandon this character and quit the game? (Confirm with "yes".)

.....# #...# .
.######...### S..
............##sb##
######.g(..gg...#
#.b.(###(###
#.##.# # #g##..#
#@###.# #g# .# ##
##.# .# #.. #..#
.#... #)## .#.#
#†# ...##.
#.####...).. ..
#.......# ....
##.##....#


You could see Robin, 2 goblins and a bat.

Vanquished Creatures
  A worker ant (D:2)
  3 adders (D:2)
  A worm (D:2)
  A dart slug (D:1)
  A giant cockroach (D:1)
  7 hobgoblins
  2 jackals (D:1)
  3 kobolds
  2 bats
  3 frilled lizards
  5 goblins
  4 rats
33 creatures vanquished.

Notes
Turn   | Place    | Note
-------+----------+-------------------------------------------
     0 | D:1      | Eurus the Centaur Hunter began the quest for the Orb.
     0 | D:1      | Reached XP level 1. HP: 17/17 MP: 1/1
   142 | D:1      | Reached XP level 2. HP: 24/24 MP: 2/2
   859 | D:2      | Reached skill level 6 in Bows
   898 | D:2      | Reached XP level 3. HP: 30/30 MP: 3/3
  1291 | D:2      | Reached XP level 4. HP: 37/37 MP: 4/4
  1336 | D:2      | Noticed Robin
  1349 | D:2      | Quit the game

Levels and vault maps discovered:
D:1:      lemuel_arrival_hallway, layout_basic, minmay_statues_item,
          minivault_23
D:2:      layout_rooms, minmay_octomino_j4, uniq_robin

Skill      XL: |  1  2  3 |
---------------+----------+-----
Bows           | 6 |  6.6
Dodging        | 2 |  2.1
Fighting       | |  2.8
Stealth        | |  0.4

Action                   |  1- 3 |  4- 6 || total
-------------------------+-------+-------++-------
Melee: Dagger            |    13 |       ||    13
       Kick              |     1 |       ||     1
 Fire: Shortbow          |    69 |    13 ||    82
Armor: Leather armour    |    12 |     4 ||    16
Dodge: Dodged            |    13 |     4 ||    17

Table legend:
 A = Non-vault XP
 B = Vault XP
 C = Vault XP percentage of total XP
 D = Non-vault monster count
 E = Vault monster count
 F = Vault count percentage of total count
                 A         B        C        D         E       F
            +---------+---------+-------+---------+---------+-------
      Total |     103 |      22 |  17.6 |      28 |       5 |  15.2
            +---------+---------+-------+---------+---------+-------
        D:1 |      30 |       0 |   0.0 |      17 |       0 |   0.0
        D:2 |      73 |      22 |  23.2 |      11 |       5 |  31.2
            +---------+---------+-------+---------+---------+-------
